 Dungeon Crawl Stone Soup version 0.32-a0-630-g46d191b0ed (webtiles) character file.

Game seed: 5803844227557379204

23 Shayle the Apothecary (level 3, 0/24 HPs)
             Began as a Coglin Alchemist on Mar 6, 2024.
             Slain by a kobold
             ... wielding a +1 short sword of protection
              (3 damage)
             ... on level 2 of the Dungeon.
             The game lasted 00:02:03 (642 turns).

Shayle the Apothecary (Coglin Alchemist)             Turns: 642, Time: 00:02:04

Health: 0/24       AC:  2    Str:  8    XL:     3   Next: 0%
Magic:  6/6        EV: 12    Int: 16    God:
Gold:   32         SH:  0    Dex: 14    Spells: 5/6 levels left

rFire   . . .        c - +0 hand axe {Chun}
rCold   . . .        f - +0 mace {Olaf}
rNeg    . . .        a - +0 robe
rPois   .            (no helmet)
rElec   .            (no cloak)
rCorr   .            (no gloves)
SInv    .            (no boots)
Will    .....        (amulet unavailable)
Stlth   ++           (ring unavailable)
HPRegen 0.24/turn    (ring unavailable)
MPRegen 0.10/turn    (no gizmo)

%: no passive effects
@: revved
A: off-hand wielding, slow wielding, warmup strikes, no jewellery
a: Invent Gizmo


You were on level 2 of the Dungeon.
You visited 1 branch of the dungeon, and saw 2 of its levels.

You collected 32 gold pieces.

Inventory:

Hand Weapons
 c - a +0 hand axe (weapon) {Chun}
 f - a +0 mace (offhand) {Olaf}
Armour
 a - a +0 robe (worn)
Scrolls
 g - 3 scrolls of teleportation {unknown}
 h - a scroll of identify {unknown}
Potions
 b - a potion of magic
 d - 2 potions of curing {unknown}
 e - 3 potions of berserk rage {unknown}
 i - a potion of attraction {unknown}
 j - 2 potions of enlightenment {unknown}


   Skills:
 + Level 2.1 Dodging
 - Level 1.5 Stealth
 + Level 2.1 Spellcasting
 + Level 1.4 Conjurations
 + Level 3.6 Alchemy


You had 5 spell levels left.
You knew the following spells:

 Your Spells              Type           Power      Damage    Failure   Level
a - Sting                 Conj/Alch      36%        1d5       8%          1

Your spell library contained the following spells:

 Spells                   Type           Power      Damage    Failure   Level
 Magic Dart               Conj           24%        1d4       12%         1
 Mercury Vapours          Alch/Air       14%        N/A       16%         2
 Blink                    Tloc           2%         N/A       30%         2
 Call Imp                 Summ           2%         N/A       30%         2
 Mephitic Cloud           Conj/Alch/Air  7%         N/A       30%         3
 Olgreb's Toxic Radiance  Alch           13%        N/A       43%         4
 Sticky Flame             Fire/Alch      7%         2d4       69%         4


Dungeon Overview and Level Annotations

Branches:
Dungeon (2/15)

Altars:

Shops:
D:1 *(*


Innate Abilities, Weirdness & Mutations

You can wield a second weapon in your off-hand.
It takes a long time for you to wield or remove held weapons.
Your first few attacks do less damage.
You cannot equip rings or amulets.


Message History

You hit the orc with your +0 hand axe. The orc closely misses you.
You closely miss the orc with your +0 mace.
The orc is almost dead.
You hit the orc but do no damage. The orc barely misses you.
The kobold hits you with a +1 short sword of protection.
The orc hits you with a +0 war axe.
You closely miss the orc with your +0 hand axe.
The orc is severely wounded.
You closely miss the kobold with your +0 hand axe.
You completely miss the orc with your +0 mace.
The orc closely misses you.
The kobold hits you with a +1 short sword of protection.
You hit the orc but do no damage.
The orc is severely wounded.
You miss the kobold with your +0 hand axe.
You hit the orc with your +0 mace.
You kill the orc!
The kobold hits you with a +1 short sword of protection.
You have reached level 3!
Your experience leads to an increase in your attributes!
Increase (S)trength, (I)ntelligence, or (D)exterity?
You feel clever. x2
Your brain swirls with designs for a NW-90 thermoactuator.
You just need some more time...
You barely miss the kobold with your +0 hand axe.
You miss the kobold with your +0 mace.
The kobold hits you with a +1 short sword of protection.
* * * LOW HITPOINT WARNING * * *
The kobold hits you with a +1 short sword of protection.
* * * LOW HITPOINT WARNING * * *
You hit the kobold with your +0 mace.
The kobold is heavily wounded.
You closely miss the kobold with your +0 hand axe.
The kobold hits you with a +1 short sword of protection.
* * * LOW HITPOINT WARNING * * *
Unknown command.
You barely miss the kobold with your +0 hand axe.
The kobold is heavily wounded.
You hit the kobold but do no damage.
The kobold hits you with a +1 short sword of protection.
You die...

.. #.# ## #.#
#.### ..#
o...###.# .
.....# #. #.
#.#.#
##.#.##.K.#
#.....###@#
###..$.).#
...........##
.#####......#
#.~~~~.#
#.~~~~.#
#~~~~~.##
.###.~.~~..#
##+#
......P....#


You could see a kobold.

Vanquished Creatures
  3 dart slugs (D:1)
  An orc (D:2)
  2 endoplasms
  A giant cockroach (D:1)
  2 quokkas (D:1)
  2 ball pythons (D:1)
  A ball python zombie (D:2)
  2 bats (D:1)
  2 frilled lizards (D:1)
  A rat (D:1)
17 creatures vanquished.

Vanquished Creatures (others)
  A bat (D:1)
1 creature vanquished.

Grand Total: 18 creatures vanquished

Notes
Turn   | Place    | Note
-------+----------+-------------------------------------------
     0 | D:1      | Shayle the Coglin Alchemist began the quest for the Orb.
     0 | D:1      | Reached XP level 1. HP: 13/13 MP: 3/3
     6 | D:1      | Found Pagesyozxe's Weapon Shoppe.
    59 | D:1      | Reached skill level 1 in Conjurations
   136 | D:1      | Reached XP level 2. HP: 19/19 MP: 4/4
   189 | D:1      | Found Ecviysch's Assorted Antiques.
   269 | D:1      | Found Rafovvam's Assorted Antiques.
   640 | D:2      | Reached XP level 3. HP: 9/24 MP: 6/6
   642 | D:2      | Slain by a kobold

Illustrated notes

Levels and vault maps discovered:
D:1:      scummos_arrival_simple_fountains, layout_basic, serial_shops,
          nicolae_shop_bloodbath_and_beyond, nicolae_shop_dealshenge, shop
D:2:      minmay_spotlight, layout_loops_corners, serial_undead,
          serial_undead_f, serial_undead_f, serial_undead_f, serial_undead_b,
          serial_undead_e, serial_undead_f, basic_altar,
          guppyfry_early_orc_mine, uniq_robin, uniq_sigmund

Skill      XL: |  1  2 |
---------------+-------+-----
Conjurations   | 1 |  1.4
Dodging        | 2 |  2.1
Spellcasting   | 2 |  2.1
Stealth        | |  1.5
Alchemy        | |  3.6

Action                     || total
---------------------------++-------
  Melee: Hand axe          ||    37
         Unarmed           ||     5
         Mace              ||    21
   Cast: Sting             ||     1
   Stab: Sleeping          ||     2
 Armour: Robe              ||    29
  Dodge: Dodged            ||    40

Table legend: (Time is in decaauts)
 A = Elapsed time spent in this place.
 B = Non-inter-level travel time spent in this place.
 C = Inter-level travel time spent in this place.
 D = Time resting spent in this place.
 E = Time spent auto-exploring this place.
 F = Levels seen in this place.
 G = Mean time per level.
                   A        B        C        D        E       F      G
               +--------+--------+--------+--------+--------+-----+--------+
         Total |    655 |    653 |      2 |      0 |    421 |   2 |  327.5 |
       Dungeon |    655 |    653 |      2 |      0 |    421 |   2 |  327.5 |
               +--------+--------+--------+--------+--------+-----+--------+

Top non-repeatable levels by time:
     D:1: 536 daAuts
     D:2: 118 daAuts
